 Dungeon Crawl Stone Soup version 0.28.0-53-g5a82cb258f (webtiles) character file.

Game seed: 9292189486458309297

105 Peloso the Slasher (level 4, -1/40 HPs)
             Began as a Minotaur Fighter on July 14, 2022.
             Succumbed to an orc wizard's poison
             ... on level 3 of the Dungeon.
             The game lasted 00:04:56 (2124 turns).

Peloso the Slasher (Minotaur Fighter)               Turns: 2124, Time: 00:04:57

Health: -1/40      AC: 12    Str: 20    XL:     4   Next: 53%
Magic:  3/3        EV:  7    Int:  5    God:
Gold:   112        SH:  5    Dex: 12    Spells: 3/3 levels left

rFire   . . .      SeeInvis .   a - +0 long sword (vamp)
rCold   . . .      Faith    .   c - +0 buckler
rNeg    . . .      Spirit   .   b - +0 chain mail
rPois   .          Reflect  .   (helmet restricted)
rElec   .          Harm     .   (no cloak)
rCorr   +          Rampage  .   f - +1 pair of gloves
Will    .....                   l - +0 pair of boots
Stlth   ..........              (no amulet)
HPRegen 0.13/turn               i - ring of resist corrosion
MPRegen 0.08/turn               (no ring)

@: lethally poisoned (-1 -> -23)
A: horns 2, retaliatory headbutt
a: no special abilities


You were on level 3 of the Dungeon.
You visited 1 branch of the dungeon, and saw 3 of its levels.

You collected 112 gold pieces.

Inventory:

Hand Weapons
 a - a +0 vampiric long sword (weapon)
Armour
 b - a +0 chain mail (worn)
 c - a +0 buckler (worn)
 f - a +1 pair of gloves (worn)
 l - a +0 pair of boots (worn)
Jewellery
 i - a ring of resist corrosion (left hand)
Scrolls
 h - 3 scrolls of identify
 j - a scroll of enchant weapon {unknown}
 m - a scroll of silence {unknown}
 n - a scroll of immolation {unknown}
 o - a scroll of vulnerability {unknown}
 p - a scroll of teleportation {unknown}
 q - a scroll of magic mapping {unknown}
Potions
 d - a potion of might
 e - a potion of curing
 g - a potion of lignification {unknown}
 k - a potion of invisibility {unknown}


   Skills:
 + Level 4.1 Fighting
 + Level 4.6 Long Blades
 + Level 4.2 Armour
 + Level 0.2 Dodging
 + Level 4.1 Shields


You had 3 spell levels left.
You didn't know any spells.
Your spell library contained the following spells:

 Spells                   Type           Power      Damage    Failure   Level
 Sandblast                Erth           0%         2d4       100%        1
 Blink                    Tloc           0%         N/A       100%        2
 Ensorcelled Hibernation  Hex/Ice        0%         N/A       100%        2
 Passwall                 Tmut/Erth      0%         N/A       100%        2
 Lesser Beckoning         Tloc           0%         N/A       100%        3
 Spider Form              Tmut/Pois      0%         N/A       100%        3
 Stone Arrow              Conj/Erth      0%         3d7       100%        3
 Anguish                  Hex/Necr       0%         N/A       100%        4
 Alistair's Intoxication  Tmut/Pois      0%         N/A       100%        5
 Borgnjor's Vile Clutch   Necr/Erth      0%         N/A       100%        5
 Manifold Assault         Tloc           0%         N/A       100%        5
 Eringya's Noxious Bog    Tmut/Pois      0%         N/A       100%        6


Dungeon Overview and Level Annotations

Branches:
Dungeon (3/15)

Altars:
Nemelex Xobeh


Innate Abilities, Weirdness & Mutations

You have a pair of horns on your head.
You reflexively headbutt those who attack you in melee.


Message History

You hit the orc.
You feel better.
You headbutt the orc.
You kill the orc!
You feel sick. Something hits you.
You barely miss something.
You feel sick. Something hits you but does no damage.
You are more poisoned.
You feel very sick. The orc hits you with a +0 hand axe.
You hear some strange, mumbled words.
A puff of flame appears from out of thin air!
The puff of flame hits you but does no damage.
You miss something.
You feel sick. The orc hits you with a +0 hand axe.
Something hits you but does no damage. You block the orc's attack.
Unknown command.
You miss something. You headbutt something.
You feel sick. Something hits you but does no damage.
The orc hits you but does no damage.
Unknown command.
You closely miss the orc.
You feel sick. Something hits you but does no damage.
The orc hits you but does no damage.
You barely miss the orc.
You feel sick. Something hits you but does no damage.
You are more poisoned.
The orc hits you but does no damage. Something completely misses you.
You hit the orc. Your headbutt misses the orc.
The orc is almost dead.
You feel very sick. The orc barely misses you.
Something hits you but does no damage.
You are lethally poisoned!
The orc hits you but does no damage.
You barely miss the orc.
The orc is almost dead.
* * * LOW HITPOINT WARNING * * *
You feel very sick. Something hits you but does no damage.
The orc barely misses you. You furiously retaliate!
You headbutt the orc.
You kill the orc!
* * * LOW HITPOINT WARNING * * *
You feel very sick. Something hits you but does no damage.
You are more poisoned.
You die...

#..# ##.#
#..# #..#
#..# #..#
##..# #...#
#.@##
#..########
#.{o)o.....
#.########.
#. #. #. #.
#.


You could see an orc.

Vanquished Creatures
  A jelly (D:2)
  An adder (D:3)
  A worm (D:2)
  2 dart slugs
  2 orcs (D:3)
  8 ball pythons
  An endoplasm (D:1)
  4 giant cockroaches
  4 goblins
  4 hobgoblins
  3 quokkas
  12 bats
  3 frilled lizards (D:1)
  6 kobolds
  3 rats
55 creatures vanquished.

Notes
Turn   | Place    | Note
-------+----------+-------------------------------------------
     0 | D:1      | Peloso the Minotaur Fighter began the quest for the Orb.
     0 | D:1      | Reached XP level 1. HP: 19/19 MP: 0/0
   323 | D:1      | Reached XP level 2. HP: 27/27 MP: 1/1
   433 | D:1      | Found a faded altar of an unknown god.
   762 | D:1      | Reached XP level 3. HP: 33/33 MP: 2/2
  1060 | D:2      | Found a sparkling altar of Nemelex Xobeh.
  1639 | D:2      | Reached XP level 4. HP: 39/40 MP: 3/3
  2124 | D:3      | Succumbed to an orc wizard's poison

Illustrated notes

Levels and vault maps discovered:
D:1:      minmay_arrival_three_doors, layout_loops_cross,
          basic_ecumenical_altar, st_stairs_10, minmay_misc_feat_tiny,
          minmay_distorted
D:2:      layout_basic, basic_altar, kennysheep_generic_room_13
D:3:      layout_loops_ring

Skill      XL: |  1  2  3 |
---------------+----------+-----
Armour         | 4 |  4.2
Fighting       | 4 |  4.1
Long Blades    | 3 4 |  4.6
Shields        | 4 |  4.1
Dodging        | |  0.2

Action                   |  1- 3 |  4- 6 || total
-------------------------+-------+-------++-------
Melee: Long sword        |    72 |    44 ||   116
       Headbutt          |     9 |     4 ||    13
  Use: Scroll            |     5 |       ||     5
Armor: Scale mail        |    41 |    10 ||    51
       Chain mail        |       |    41 ||    41
Dodge: Dodged            |    24 |    32 ||    56
Block: Buckler           |    24 |    19 ||    43
